[Event "Late-Titled-Tuesday-Blitz-January-30-2024"]
[Site "Chess.com"]
[Date "2024.01.30"]
[Round "9"]
[White "manitodeplomo"]
[Black "vesalhamedinia"]
[Result "1-0"]
[WhiteElo "2697"]
[BlackElo "2497"]
[TimeControl "180+1"]
[EndTime "15:45:45 PST"]
[Termination "manitodeplomo won by checkmate"]

1. d4 d5 2. c4 e6 3. Nf3 Nf6 4. Nc3 Be7 5. Bg5 O-O 6. Qc2 c6 7. e3 h6 8. Bxf6 Bxf6 9. O-O-O a5 10. h4 dxc4 11. g4 Be7 12. g5 h5 13. Bxc4 b5 14. Be2 b4 15. Ne4 Ba6 16. Ne5 g6 17.
Bf3 a4 18. Rhg1 b3 19. axb3 axb3 20. Qxb3 Bb5 21. Nc3 Ra1+ 22. Kc2 Rxd1 23. Rxd1 Na6 24. Ra1 Nb4+ 25. Kd2 Qb6 26. Nd7 Qc7 27. Nxf8 Bxf8 28. Ra8 Kg7 29. Rxf8 Nd5 30. Bxd5 exd5 31. Nxb5 Qh2 32.
Nc3 Qxf2+ 33. Ne2 Kxf8 34. Qb8+ Kg7 35. Qf4 Qg2 36. Qf6+ Kg8 37. Qxc6 Qe4 38. Nf4 Qf3 39. Qa8+ Kg7 40. Qxd5 Qf2+ 41. Kc3 Qxe3+ 42. Nd3 Qg1 43. Qe5+ Kg8 44. d5 Qa1 45. d6 Qa7 46. Qe8+ Kg7 47. Qe7 Qa5+ 48. Kc2 Qa4+ 49. Kd2 Qa5+ 50. b4 Qa2+ 51.
Ke3 Qb1 52. d7 Qg1+ 53. Kd2 Qg2+ 54. Kc3 Qc6+ 55. Nc5 Qf3+ 56. Kc4 Qf4+ 57. Qe4 Qf1+ 58. Qd3 Qf4+ 59. Qd4+ Qxd4+ 60. Kxd4 f5 61. d8=Q Kf7 62. Qd7+ Kf8 63. Ne6+ Kg8 64. Qg7# 1-0

[Event "Late-Titled-Tuesday-Blitz-January-30-2024"]
[Site "Chess.com"]
[Date "2024.01.30"]
[Round "9"]
[White "MaxLeto"]
[Black "masnyszachistaaa"]
[Result "1/2-1/2"]
[WhiteElo "2428"]
[BlackElo "2554"]
[TimeControl "180+1"]
[EndTime "15:45:45 PST"]
[Termination "Game drawn - insufficient material"]

1. g4 d5 2. Bg2 c6 3. h3 e5 4. d4 exd4 5. Qxd4 Nf6 6. c3 Be6 7. f4 Qb6 8. Qxb6 axb6 9. f5 Bc8 10. Bf4 Bc5 11. Nd2 O-O 12. Nb3 Be7 13. Nf3 Re8 14.
Nfd2 Na6 15. Kf2 Nc5 16. Rhe1 Na4 17. Rab1 Nd7 18. e4 dxe4 19. Nxe4 Bf8 20. Re2 Ne5 21.
Rd1 Kh8 22. Nd4 f6 23. b3 Nc5 24. Nxc5 Bxc5 25. a4 Bd7 26. Kg3 Rad8 27. Red2 Bc8 28. Ne6 Rxd2 29. Rxd2 Kg8 30. Nxc5 bxc5 31. Re2 Kf7 32. h4 Rd8 33. Bxe5 fxe5 34. Rxe5 Rd3+ 35. Kf4 Rxc3 36. Bf1 b6 37. Bc4+ Kf8 38. g5 Bd7 39.
f6 gxf6 40. gxf6 b5 41. axb5 cxb5 42. Bd5 Rd3 43. Ke4 Rd4+ 44. Ke3 Be8 45. h5 Bf7 46.
Be4 Bxb3 47. Rxc5 Rd6 48. Rxb5 Bd1 49. Rb8+ Kf7 50. Rh8 Kxf6 51. Rxh7 Kg5 52. h6 Rxh6 53.
Rg7+ Kf6 54. Rg1 Bb3 55. Rf1+ Ke7 56. Rb1 Rh3+ 57. Kd4 Be6 58. Rb7+ Kf6 59. Rb6 Rh5 60. Ke3 Re5 61. Kf4 Rh5 62. Ke3 Re5 63. Kf4 Rh5 64.
Bf3 Rf5+ 65. Ke4 Re5+ 66. Kf4 Rf5+ 67. Kg3 Rg5+ 68. Kh4 Rf5 69. Bg4 Re5 70. Ra6 Re4 71. Rxe6+ Rxe6 72. Bxe6 1/2-1/2

[Event "Late-Titled-Tuesday-Blitz-January-30-2024"]
[Site "Chess.com"]
[Date "2024.01.30"]
[Round "9"]
[White "RaulPerezGuerra"]
[Black "Burgsvik"]
[Result "1-0"]
[WhiteElo "2445"]
[BlackElo "2292"]
[TimeControl "180+1"]
[EndTime "15:45:46 PST"]
[Termination "RaulPerezGuerra won by checkmate"]

1. b3 c5 2. Bb2 Nf6 3. e3 d5 4. Nf3 Nc6 5. d4 b6 6. c4 Bg4 7.
Be2 cxd4 8. exd4 e6 9. O-O Bd6 10.
Nc3 O-O 11. h3 Bh5 12. Re1 Rc8 13. cxd5 Nxd5 14. Nxd5 exd5 15. Ne5 Nxe5 16. dxe5 Bxe2 17. Qxe2 Bc5 18. Rad1 Qd7 19. Bd4 Qe6 20. Qf3 Bb4 21. Re2 Rc6 22. Bb2 Rd8 23. h4 Be7 24. h5 h6 25. Red2 Bf8 26. a4 Rc7 27. g3 Rcd7 28. Kg2 Bc5 29. Bd4 Bb4 30. Rd3 Rc7 31. Ba1 Rcd7 32.
Bb2 Bc5 33. Qf4 Qc6 34. Qf3 Qe6 35. Bd4 Bxd4 36. Rxd4 Qxe5 37. g4 Rd6 38. b4 Rf6 39. Qg3 Qxg3+ 40. Kxg3 Rfd6 41. Kf4 Kf8 42. Ke5 Re6+ 43.
Kf4 Re2 44. f3 Rb2 45. Ke5 Ke7 46. a5 f6+ 47. Kf5 bxa5 48. bxa5 Rb5 49. Kg6 Kf8 50. Rc1 Rb7 51. a6 Rbd7 52. Rb1 Re8 53. Rb7 Ree7 54.
Rdb4 d4 55. Rxd7 Rxd7 56. Rb7 Ke8 57. Rb8+ Ke7 58. Kxg7 d3 59. Rb1 d2 60. Rd1 Ke6+ 61. Kxh6 Ke5 62. Kg6 Kf4 63. h6 Ke3 64. h7 Rd8 65. Kg7 Kxf3 66. Rxd2 Rxd2 67. h8=Q Rd6 68. Qa8+ Kxg4 69. Qxa7 f5 70. Qc7 Rd3 71. Qc4+ Kg3 72. Qxd3+ Kg4 73. a7 f4 74. a8=Q f3 75. Qaxf3+ Kh4 76. Qh3+ Kg5 77. Qdg3# 1-0

[Event "Late-Titled-Tuesday-Blitz-January-30-2024"]
[Site "Chess.com"]
[Date "2024.01.30"]
[Round "9"]
[White "subham777"]
[Black "nikitadovbnya2008"]
[Result "1-0"]
[WhiteElo "2495"]
[BlackElo "2204"]
[TimeControl "180+1"]
[EndTime "15:45:53 PST"]
[Termination "subham777 won by resignation"]

1. e4 e5 2. Nf3 Nc6 3. Bc4 Nf6 4. d3 Bc5 5. c3 a6 6. Nbd2 O-O 7. Nf1 d6 8. Ng3 Be6 9. Bb3 Ba7 10. Bg5 h6 11.
Bh4 g5 12. Nxg5 hxg5 13. Bxg5 Bxf2+ 14. Kxf2 Ng4+ 15. Qxg4 Bxg4 16. Bxd8 Raxd8 17. h3 Be6 18. Ke3 Ne7 19. Raf1 Ng6 20. Nf5 Nf4 21. g3 Nh5 22.
h4 Kh8 23. g4 Nf4 24. g5 Rg8 25. Nh6 Rgf8 26. Rxf4 exf4+ 27. Kxf4 Bxb3 28. axb3 f6 29. g6 Kg7 30. Nf7 Rde8 31. h5 d5 32. exd5 Re2 33.
Rg1 Rxf7 34. gxf7+ Kxf7 35. h6 Rh2 36. Rg7+ Kf8 37.
Rxc7 Rxh6 38. Rxb7 Rh2 39. c4 Rf2+ 40. Ke3 Rxb2 41.
c5 a5 42. c6 Rc2 43. c7 Ke8 44. Rb8+ Kd7 45. c8=Q+ Rxc8 46. Rxc8 Kxc8 47. Kd4 Kd7 48. Kc5 f5 49. Kd4 Kd6 50. Kc4 f4 51. Kd4 f3 52.
Ke3 Kxd5 53. Kxf3 Kd4 54. Ke2 Kc3 55. Ke3 Kxb3 56. d4 a4 57. d5 a3 58. d6 a2 59.
d7 a1=Q 60. d8=Q Qe1+ 61. Kf4 Qf1+ 62. Ke4 Qh1+ 63. Ke3 Qh3+ 64. Kf4 Qf1+ 65. Ke3 Qe1+ 66. Kf3 Qf1+ 67. Ke3 Qg1+ 68. Ke2 Qg2+ 69. Kd1 Qf1+ 70. Kd2 Qf4+ 71. Kd1 Qg4+ 72. Ke1 Qb4+ 73. Ke2 Qe4+ 74. Kd2 Qf4+ 75. Ke2 Qh2+ 76. Kf1 Qh1+ 77. Kf2 Qh4+ 78. Qxh4 1-0

[Event "Late-Titled-Tuesday-Blitz-January-30-2024"]
[Site "Chess.com"]
[Date "2024.01.30"]
[Round "9"]
[White "malakismayil"]
[Black "KorolDimitriy75"]
[Result "1-0"]
[WhiteElo "2531"]
[BlackElo "2358"]
[TimeControl "180+1"]
[EndTime "15:46:01 PST"]
[Termination "malakismayil won by resignation"]

1. e4 c5 2. Nf3 d6 3. Bb5+ Nd7 4.
O-O Nf6 5. Re1 a6 6. Bf1 e5 7. c3 Be7 8. d4 O-O 9. Bg5 Re8 10. Nbd2 Qc7 11. Rc1 b6 12. Nh4 Bb7 13. Nf5 Bf8 14. f3 h6 15. Bh4 g6 16. Ne3 b5 17.
Bg3 Rad8 18. a4 c4 19. axb5 axb5 20. b3 d5 21. bxc4 dxc4 22. Rb1 Ba6 23. Ra1 Qc6 24. d5 Qb7 25. Rb1 Qc7 26. Bf2 Bc5 27. h3 Kg7 28. Nc2 Bxf2+ 29. Kxf2 Nc5 30. Nb4 Bb7 31. Kg1 Ra8 32. Ra1 Red8 33. Qe2 Ne8 34. Qf2 Nd6 35. Qg3 Qe7 36. Qf2 Qc7 37. f4 Re8 38. Rxa8 Bxa8 39. fxe5 Rxe5 40. Qd4 Nd7 41. Nf3 f6 42. Nxe5 fxe5 43.
Qf2 Nf6 44. Ra1 Nfxe4 45. Qe3 Bb7 46. Ra7 Qc8 47. Be2 h5 48. Bf3 Qb8 49. Bxe4 Nxe4 50. Rxb7+ Qxb7 51. Qxe4 Qb6+ 52. Kh2 Qf6 53. Nc6 Kh7 54.
Qxe5 Qf2 55. Qe7+ Kh6 56. Qe4 b4 57. Nxb4 h4 58. Qd4 Qg3+ 59. Kh1 Qe1+ 60. Qg1 Qxc3 61. Nc6 Qd3 62. Qc1+ Kg7 63. Nb4 Qd4 64. Qe1 c3 65. Nc2 Qd2 66. Qxd2 cxd2 67. Ne3 Kf6 68. Kg1 Ke5 69.
Kf2 Kd4 70. Ke2 g5 71. Kxd2 Ke4 72. Ke2 g4 73. hxg4 h3 74. gxh3 Ke5 75. Kf3 Kd6 76.
Kf4 1-0

[Event "Late-Titled-Tuesday-Blitz-January-30-2024"]
[Site "Chess.com"]
[Date "2024.01.30"]
[Round "9"]
[White "Cambek64"]
[Black "Quattroporte300"]
[Result "0-1"]
[WhiteElo "2519"]
[BlackElo "2418"]
[TimeControl "180+1"]
[EndTime "15:46:04 PST"]
[Termination "Quattroporte300 won on time"]

1. e4 c5 2. Nc3 Nc6 3. d3 g6 4.
Be3 d6 5. d4 cxd4 6. Bxd4 Nxd4 7. Qxd4 Nf6 8. e5 dxe5 9. Bb5+ Bd7 10. Qxe5 Bg7 11. O-O-O O-O 12. Bxd7 Nxd7 13. Qb5 Qb6 14. Qxd7 Rad8 15. Qg4 Bxc3 16. bxc3 h5 17. Qf3 Rxd1+ 18. Qxd1 Qxf2 19. Ne2 Qxg2 20. h4 Rc8 21. Rg1 Qe4 22.
Qd3 Qe6 23. Kb2 Qb6+ 24. Ka1 Kg7 25. Rb1 Qc6 26. Rb4 b6 27. Kb2 Qf6 28. Rd4 Rc5 29. a4 Qc6 30. Nc1 a6 31. Nb3 Rf5 32. Re4 Rf6 33. Qd4 b5 34. axb5 axb5 35. Qe5 Qe6 36.
Nd4 Qxe5 37. Rxe5 Rf4 38. Nxb5 Rxh4 39. Kb3 Rh1 40. Na3 h4 41. c4 h3 42. c5 h2 43. c6 Rb1+ 44. Nxb1 h1=Q 45. Nc3 Qxc6 46. Rxe7 Qb6+ 47. Ka2 Qa5+ 48. Kb3 Qb6+ 49. Kc4 Qc6+ 50.
Kb3 Qd6 51. Re4 g5 52. Rc4 Kg6 53. Nb5 Qg3+ 54. c3 g4 55. Nd4 Qg1 56. Rc6+ Kg5 57. Rc5+ Kg6 58. Rc6+ f6 59. Rc8 Qb1+ 60. Kc4 Qf1+ 61.
Kb3 Kf7 62. Rc7+ Ke8 63. Rg7 Qb1+ 64. Kc4 Qf1+ 65. Kd5 f5 66. Kd6 Qf4+ 67. Ke6 Qe4+ 68. Kd6 Qf4+ 0-1

[Event "Late-Titled-Tuesday-Blitz-January-30-2024"]
[Site "Chess.com"]
[Date "2024.01.30"]
[Round "9"]
[White "wqws"]
[Black "Byniolus"]
[Result "0-1"]
[WhiteElo "2631"]
[BlackElo "2842"]
[TimeControl "180+1"]
[EndTime "15:46:05 PST"]
[Termination "Byniolus won by checkmate"]

1. e4 d6 2. d4 Nf6 3. Nc3 c6 4.
Nf3 Bg4 5. Be2 e6 6. O-O Be7 7. Bf4 d5 8. e5 Nfd7 9. Nd2 Bxe2 10. Qxe2 c5 11. dxc5 Nc6 12. Nb3 Nxc5 13. Rad1 O-O 14. Qg4 Kh8 15. Nxc5 Bxc5 16. Rd3 f5 17. Qh5 Qe8 18.
Qh4 Be7 19. Qg3 a6 20. Bc1 Nb4 21. Rd2 Rc8 22. a3 Nc6 23. f4 Na5 24. Qf3 Nc4 25. Rd3 Qc6 26. Kh1 Qb6 27. Ne2 Qd8 28. Nd4 Qd7 29. g4 fxg4 30. Qe2 Bc5 31. b3 Bxd4 32. Rxd4 Na5 33. h3 gxh3 34. Rf3 Nc6 35. Rd1 Qf7 36. Rxh3 Qf5 37. Rh5 Qe4+ 38. Qxe4 dxe4 39. Rd6 Rfe8 40. Rh2 Ne7 41. Re2 Nf5 42. Red2 Nxd6 43. exd6 Red8 44. c4 Rc6 45. Re2 Rcxd6 46. Kg2 Rd1 47. Be3 R8d3 48. Kg3 Rxb3 49. f5 exf5 50. Kf4 g6 51. Ke5 Kg8 52.
Ke6 Rbd3 53. Bc5 Rd8 54. Rb2 Re8+ 55. Kf6 Rc8 56. Be7 Rc6+ 57. Ke5 b6 58. Rb3 Rd7 59. Bb4 a5 60. Bc3 Re7+ 61. Kf4 Rxc4 62. Bf6 Re6 63. Bd8 e3+ 64. Kg5 e2 65. Rd3 e1=Q 66. Bf6 Qe3+ 67. Rxe3 Rxe3 68. a4 f4 69. Kh6 f3 70. Bg5 Re5 71. Bf4 Rh5# 0-1

[Event "Late-Titled-Tuesday-Blitz-January-30-2024"]
[Site "Chess.com"]
[Date "2024.01.30"]
[Round "9"]
[White "Hikaru"]
[Black "HansOnTwitch"]
[Result "0-1"]
[WhiteElo "3293"]
[BlackElo "3227"]
[TimeControl "180+1"]
[EndTime "15:46:30 PST"]
[Termination "HansOnTwitch won by resignation"]

1. e4 c6 2. Nc3 d5 3. Nf3 Bg4 4. h3 Bxf3 5. Qxf3 e6 6. g3 Nd7 7. Qe2 d4 8. Nd1 h5 9. h4 e5 10.
Bh3 Bd6 11. d3 Ne7 12. c3 c5 13. O-O Nc6 14. c4 Qe7 15. a3 a5 16. b3 g6 17. Bg5 f6 18. Bd2 Kd8 19. f4 Kc7 20. Nf2 Raf8 21. Rae1 Kb8 22. Kg2 Bc7 23. f5 g5 24.
hxg5 fxg5 25. g4 h4 26. Rb1 Bd6 27. Rb2 Kc7 28. Rfb1 Ra8 29. Kh1 Rhg8 30. Bf1 Nf6 31. Nh3 Nh7 32. Qd1 Ra6 33. Be2 Raa8 34. Qc1 b6 35. Ra2 Qf6 36. Rba1 Be7 37. Be1 Qd6 38.
Bf3 Kb7 39. Bf2 Kc7 40. Bg1 a4 41. bxa4 Rxa4 42. Bd1 Ra7 43. Bf2 Rga8 44. a4 Nb4 45. Ra3 Qc6 46. Qb1 Nf6 47. Kh2 Nh7 48. Be1 Ra5 49.
Nf2 Kd8 50. Kh3 Ke8 51. Bb3 Kf8 52. Qd1 Kg7 53. Qe2 R5a7 54. Bd2 Bf6 55. Kg2 Be7 56. Nh3 Bf6 57. Ng1 Qd6 58. Kh3 Qe7 59. Nf3 Nf8 60. Bd1 Nh7 61. Bc1 Qd8 62. Qb2 Qc7 63. Bd2 Qd6 64.
Be2 Be7 65. Qb1 Bf6 66. Qd1 Be7 67. Ne1 Bf6 68. Nc2 Nc6 69. Rb1 Bd8 70. Rba1 Be7 71. Qb1 Bd8 72. Bd1 Nf8 73. Ne1 Nh7 74. Nf3 Nb4 75. Be1 Be7 76. Bf2 Bd8 77. Bg1 Bf6 78.
Bh2 Nf8 79. Ne1 Qc6 80. Nc2 Nxd3 81. Rxd3 Qxe4 82. Raa3 Qc6 83. Rdb3 Nd7 84. Bf3 e4 85. Nxd4 cxd4 86. Bxe4 Qxc4 87. Bxa8 Rxa8 88. Qd3 Qd5 89.
Qf3 Qxf3+ 90. Rxf3 Nc5 91. Bg1 Rd8 92. a5 d3 93.
Bxc5 d2 94. Rad3 bxc5 95. Rxd8 Bxd8 96. a6 d1=Q 0-1

[Event "Late-Titled-Tuesday-Blitz-January-30-2024"]
[Site "Chess.com"]
[Date "2024.01.30"]
[Round "9"]
[White "ameetghasi100"]
[Black "Alexei_Gubajdullin"]
[Result "0-1"]
[WhiteElo "2734"]
[BlackElo "2637"]
[TimeControl "180+1"]
[EndTime "15:46:31 PST"]
[Termination "Alexei_Gubajdullin won on time"]

1. Nf3 Nf6 2. d4 d5 3. Bg5 c6 4. e3 Nbd7 5. Nbd2 g6 6. c4 Bg7 7. Rc1 O-O 8. Be2 Re8 9. O-O Qb6 10. Qc2 e5 11. dxe5 Nxe5 12. Nxe5 Rxe5 13. Nf3 Bf5 14. Qa4 Ree8 15. Nd4 Bd7 16. c5 Qd8 17. b4 h6 18. Bh4 g5 19. Bg3 Ne4 20. b5 Nxg3 21. hxg3 Qc7 22. bxc6 bxc6 23. Bd3 Reb8 24. Nf5 Bxf5 25. Bxf5 Rb5 26. Bd3 Ra5 27. Qc2 Ra3 28.
Rb1 Rc3 29. Qd2 Rxc5 30. Rfc1 Rxc1+ 31. Rxc1 c5 32. Bb1 Rd8 33. Qd3 c4 34. Qh7+ Kf8 35.
Bc2 Rb8 36. Rd1 Qe5 37. Kh2 Rb2 38. a4 a5 39. Rd4 Qe6 40. Rd2 c3 41. Rd1 Rb4 42.
Qd3 d4 43. e4 g4 44. Qe2 h5 45. Kg1 Qe5 46. Qa6 Kg8 47. Qc8+ Kh7 48. Qd7 Rb2 49.
Bd3 Rd2 50. Rxd2 cxd2 51. Bc2 Qc5 52. Qf5+ Qxf5 53. exf5 d3 54. Bd1 Bd4 55. Kf1 Kg7 56. f3 gxf3 57. Bxf3 Kh6 58. Bd1 Kg5 59. Bf3 f6 60.
Bd1 Be5 61. Bf3 Bxg3 62. Bd1 Bf4 63. Kf2 h4 64. Kf3 Kxf5 65. Kf2 Ke4 66. Bh5 f5 67. Bd1 Kd4 68. Kf3 Be5 69. Kf2 Bf4 70. Kf3 Bg5 71. Kf2 Kc3 72. Kf3 Kb2 73. Kf2 Kc1 74. Bg4 d1=Q 75. Bxf5 Qd2+ 76. Kg1 Qe1+ 77. Kh2 Be3 78. Bxd3 Qg3+ 79. Kh1 h3 80. Bf1 Qf2 81. Kh2 Qxf1 82.
Kxh3 Qf4 83. g3 Qg5 84. Kg2 Bd4 0-1

[Event "Late-Titled-Tuesday-Blitz-January-30-2024"]
[Site "Chess.com"]
[Date "2024.01.30"]
[Round "9"]
[White "BogdanDeac"]
[Black "Kacparov"]
[Result "1/2-1/2"]
[WhiteElo "3052"]
[BlackElo "2958"]
[TimeControl "180+1"]
[EndTime "15:46:55 PST"]
[Termination "Game drawn by repetition"]

1. d4 Nf6 2. Nf3 e6 3. Bf4 b6 4. e3 Bb7 5. c4 Bb4+ 6. Nfd2 O-O 7. a3 Be7 8. Nc3 d5 9. cxd5 Nxd5 10. Nxd5 Bxd5 11.
Qc2 c5 12. dxc5 Bxc5 13. Bd3 h6 14. Ne4 Nd7 15. Nc3 Bb7 16. Rd1 Qc8 17. O-O Be7 18. Be4 Nf6 19. Bxb7 Qxb7 20. Qb3 Rfd8 21. f3 Rac8 22.
e4 Nd7 23. Be3 Ne5 24. Rxd8+ Rxd8 25. Rd1 Rxd1+ 26. Qxd1 Nc4 27. Bc1 Qc6 28. Ne2 Kf8 29.
Kf1 Ke8 30. Qd3 Bf6 31. b3 Ne5 32. Qd1 Nd7 33. Be3 Be7 34. a4 Bc5 35. Bf4 b5 36. Qc2 Qb7 37. Nc3 bxa4 38. Nxa4 Qb5+ 39. Ke1 Bb4+ 40.
Kf2 Bc5+ 41. Be3 Bxe3+ 42. Kxe3 Ke7 43. Kf2 Qb4 44. h3 h5 45. h4 g6 46. g3 Nb6 47.
Nc5 Qd4+ 48. Kg2 Qe3 49. Nd3 Qd4 50. Nf4 Qd6 51. Nd3 Nd7 52. Qc3 Qb6 53. e5 a5 54. Qc2 Qb5 55. f4 Qb7+ 56. Kf2 Qb6+ 57. Kg2 Qb7+ 58. Kh2 Qb6 59. Qc3 Qb5 60. Qc2 Qb6 61. Nf2 Qb5 62. Ne4 Qb6 63. Nd6 Qc5 64. Qd2 Nb6 65. Ne4 Qc6 66. Nf6 Nd7 67. Nxd7 Qxd7 68.
Qxa5 Kf8 69. Qc5+ Kg7 70. Qc2 Qb5 71. Qb2 Qb4 72. Kg2 Kg8 73. Kh2 Kg7 74. Qc2 Kg8 75. Qd3 Kg7 76. Kg2 Qb8 77. Qc3 Qb7+ 78. Kf2 Qb6+ 79. Ke2 Qg1 80. b4 Qg2+ 81. Kd1 Qf1+ 82. Kd2 Qf2+ 83. Kc1 Qf1+ 84. Kc2 Qb5 85. Kb2 Qe2+ 86.
Kb3 Qf1 87. Ka3 Qa6+ 88. Kb3 Qf1 89. Qe3 Qd1+ 90. Kb2 Qa4 91. Qc3 Qb5 92. Qd4 Qe2+ 93. Kb3 Qf1 94. Qc3 Qb5 95. Qc4 Qb6 96. b5 Qe3+ 97. Qc3 Qe2 98. Kb4 Qe4+ 99. Qc4 Qe1+ 100. Qc3 Qe4+ 101. Ka3 Qa8+ 102. Kb3 Qd5+ 103. Qc4 Qf3+ 104. Qc3 Qd5+ 105. Kb4 Qe4+ 1/2-1/2

[Event "Late-Titled-Tuesday-Blitz-January-30-2024"]
[Site "Chess.com"]
[Date "2024.01.30"]
[Round "9"]
[White "K_A_S_T_O_R"]
[Black "Adar_07"]
[Result "0-1"]
[WhiteElo "2910"]
[BlackElo "2715"]
[TimeControl "180+1"]
[EndTime "15:47:18 PST"]
[Termination "Adar_07 won on time"]

1. e4 c6 2. d4 d5 3. exd5 cxd5 4. c4 Nf6 5. Nc3 e6 6. Nf3 Be7 7. cxd5 exd5 8. Bd3 O-O 9. h3 Nc6 10. O-O a6 11.
Re1 h6 12. Bf4 Re8 13. Qd2 Nb4 14. Bb1 Bf8 15. Rxe8 Qxe8 16. a3 Nc6 17. Ne5 Be6 18. Bc2 Rc8 19. Re1 Qd8 20. Nxc6 Rxc6 21. Ba4 Rc8 22.
Bc2 Rc6 23. Bd3 Qb6 24. Na4 Qb3 25. Qd1 Qxd1 26. Rxd1 b5 27. Nc5 Bxc5 28. dxc5 Rxc5 29.
Be5 Nd7 30. Bd4 Rc6 31. b4 f6 32. f4 Nb6 33. Bxb6 Rxb6 34. Rc1 d4 35. Kf2 Rd6 36. Rc7 Bd5 37. g4 Rc6 38. Rd7 Be6 39. Rxd4 Kf7 40. f5 Bc8 41. Rd8 Ke7 42. Rh8 Rc3 43. Ke3 Bb7 44.
Rb8 Bg2 45. Kd4 Rxa3 46. h4 Bf3 47. Rb6 Rb3 48. Re6+ Kf8 49. Re3 Rxb4+ 50. Kc5 Rf4 51. Kd6 Bxg4 52. Ke6 Bh5 53. Be4 Bf7+ 54. Kd6 Bc4 55.
Bc6 Rxf5 56. Re8+ Kf7 57. Ra8 Re5 58. Rxa6 Kg6 59. Ra7 Re6+ 60. Kc5 Re5+ 61. Kd4 Rf5 62. Be4 Be6 63. Re7 Bc8 64. Re8 Bd7 65. Re7 Bc8 66.
Ke3 b4 67. Rc7 Be6 68. Rb7 b3 69. Rb6 Bd7 70. Rxb3 Kf7 71. Bxf5 Bxf5 72. h5 Bg4 73. Rb7+ Kg8 74. Rb5 Kh7 75. Kf4 Be6 76. Rb6 Bf7 77. Kg4 Ba2 78. Rd6 Bg8 79. Kf5 Kh8 80.
Kg6 Bb3 81. Rd8+ Bg8 82. Rf8 f5 83. Kxf5 Kh7 84. Rb8 Ba2 85. Rb7 Bd5 86. Rc7 Bf3 87. Kf4 Bxh5 88. Ke5 Bg6 89. Ke6 h5 90. Ke5 Kh6 91.
Kf4 Bh7 92. Rc6+ g6 93. Rd6 Bg8 94. Rd8 Be6 95. Re8 Bf5 96. Ke5 h4 97. Kf6 Kh5 98. Rh8+ Kg4 99. Ke5 h3 100. Kd4 Kg3 101. Ke5 h2 102.
Rh6 Kg2 103. Kf6 h1=Q 104. Rxh1 Kxh1 0-1

[Event "Late-Titled-Tuesday-Blitz-January-30-2024"]
[Site "Chess.com"]
[Date "2024.01.30"]
[Round "10"]
[White "rose107"]
[Black "Fjal"]
[Result "1-0"]
[WhiteElo "2116"]
[BlackElo "2051"]
[TimeControl "180+1"]
[EndTime "15:50:13 PST"]
[Termination "rose107 won by resignation"]

1. e4 d6 2. d4 g6 3. Nf3 Bg7 4. Nc3 Nd7 5. Bc4 c6 6. O-O b5 7. Bb3 a6 8. Be3 Nh6 9. h3 O-O 10. Qd2 c5 11. dxc5 dxc5 12. Bd5 b4 13. Bxa8 bxc3 14.
bxc3 1-0

[Event "Late-Titled-Tuesday-Blitz-January-30-2024"]
[Site "Chess.com"]
[Date "2024.01.30"]
[Round "10"]
[White "rikchessmx"]
[Black "Nouali_Mohamed"]
[Result "0-1"]
[WhiteElo "2312"]
[BlackElo "2466"]
[TimeControl "180+1"]
[EndTime "15:50:15 PST"]
[Termination "Nouali_Mohamed won by resignation"]

1. e4 c5 2. Nf3 Nc6 3. d4 cxd4 4. Nxd4 g6 5. Nxc6 bxc6 6. Qd4 Nf6 7. e5 Nd5 8. e6 f6 9. exd7+ Qxd7 10. Be2 e5 11. Qc4 a5 12. Qh4 Bg7 13. Bh6 O-O 14. Bxg7 Kxg7 15. O-O Nf4 16. Bc4 Qd4 17. g3 g5 18. c3 Qxc4 19. gxf4 gxh4 0-1

[Event "Late-Titled-Tuesday-Blitz-January-30-2024"]
[Site "Chess.com"]
[Date "2024.01.30"]
[Round "10"]
[White "mishanick"]
[Black "manitodeplomo"]
[Result "1-0"]
[WhiteElo "3106"]
[BlackElo "2696"]
[TimeControl "180+1"]
[EndTime "15:50:37 PST"]
[Termination "mishanick won by resignation"]

1. d4 g6 2. e4 Bg7 3. Nc3 c5 4.
dxc5 Bxc3+ 5. bxc3 Nf6 6. f3 Qa5 7. Be3 Qxc3+ 8. Kf2 Nc6 9. Ne2 Qa5 10. Nf4 O-O 11. h4 b6 12. cxb6 axb6 13. h5 Ba6 14. Bxa6 Rxa6 15. Nd5 Nxd5 16. exd5 Nb4 17. c4 Rc8 18. a3 Rxc4 19. axb4 Qxa1 20. Qxa1 Rxa1 21. Rxa1 Rxb4 22. Bh6 1-0

[Event "Late-Titled-Tuesday-Blitz-January-30-2024"]
[Site "Chess.com"]
[Date "2024.01.30"]
[Round "10"]
[White "kikoveiga"]
[Black "AlexeiShirov"]
[Result "0-1"]
[WhiteElo "2522"]
[BlackElo "2764"]
[TimeControl "180+1"]
[EndTime "15:51:21 PST"]
[Termination "AlexeiShirov won by resignation"]

1. c4 c6 2. Nf3 d5 3. e3 Nf6 4. Nc3 Nbd7 5. d4 e6 6. Qc2 Bd6 7. b3 O-O 8. Bb2 e5 9. cxd5 cxd5 10. dxe5 Nxe5 11. Be2 Nxf3+ 12. Bxf3 d4 13. exd4 Re8+ 14. Be2 Ng4 15. h3 Qh4 16. O-O Bh2+ 17. Kh1 Nxf2+ 18. Rxf2 Qxf2 19. Kxh2 Re3 20. Kh1 Bxh3 21. Rg1 Bxg2+ 22.
Rxg2 Rh3+ 0-1

[Event "Late-Titled-Tuesday-Blitz-January-30-2024"]
[Site "Chess.com"]
[Date "2024.01.30"]
[Round "10"]
[White "Nf3c5"]
[Black "Akhayan"]
[Result "1-0"]
[WhiteElo "2520"]
[BlackElo "2360"]
[TimeControl "180+1"]
[EndTime "15:51:48 PST"]
[Termination "Nf3c5 won by resignation"]

1. c4 a6 2. g3 e6 3. Bg2 Nf6 4. b3 Be7 5. Bb2 O-O 6. Nf3 b5 7. Ne5 Ra7 8. d3 d6 9. Nf3 Bb7 10. O-O bxc4 11. bxc4 Bc6 12. Nbd2 Rb7 13. Bc3 Nbd7 14.
Nb3 Ba4 15. Rb1 Qb8 16. Nfd4 Rb6 17. Ba5 c5 18. Bxb6 Qxb6 19. Nf3 Qc7 20. Qd2 h6 21.
Qa5 Qxa5 22. Nxa5 Nh7 23. Nd2 Bg5 24. Ne4 Be7 25. Nc3 1-0

[Event "Late-Titled-Tuesday-Blitz-January-30-2024"]
[Site "Chess.com"]
[Date "2024.01.30"]
[Round "10"]
[White "Genghis_K"]
[Black "blitis"]
[Result "1-0"]
[WhiteElo "2847"]
[BlackElo "2636"]
[TimeControl "180+1"]
[EndTime "15:52:09 PST"]
[Termination "Genghis_K won by resignation"]

1. e4 d6 2. d4 Nf6 3. Nc3 g6 4. f4 Bg7 5. Nf3 O-O 6. e5 dxe5 7. fxe5 Nd5 8. Bc4 Be6 9. Qe2 Nxc3 10. bxc3 Bxc4 11.
Qxc4 Nd7 12. O-O Nb6 13. Qb3 a5 14. c4 a4 15. Qd3 c5 16. d5 f6 17. e6 Nc8 18. Rb1 Nd6 19. Bf4 Ra7 20. h4 f5 21. h5 Ne4 22. Ne5 g5 23. Bh2 Bxe5 24. Bxe5 Qe8 25. g4 h6 26. Rxf5 Rxf5 27. gxf5 1-0

[Event "Late-Titled-Tuesday-Blitz-January-30-2024"]
[Site "Chess.com"]
[Date "2024.01.30"]
[Round "10"]
[White "RantomOpening"]
[Black "ccccvhhhj"]
[Result "1-0"]
[WhiteElo "2526"]
[BlackElo "2419"]
[TimeControl "180+1"]
[EndTime "15:52:21 PST"]
[Termination "RantomOpening won by resignation"]

1. e4 e6 2. Qe2 d5 3. exd5 Qxd5 4. Nc3 Qd8 5. b3 Nf6 6. Bb2 Bb4 7. O-O-O O-O 8. Nf3 Qe7 9. g4 Ba3 10. g5 Bxb2+ 11.
Kxb2 Nfd7 12. d4 a5 13. a4 c6 14. h4 Na6 15. h5 Nc7 16. h6 g6 17. Ne4 b5 18. Ra1 bxa4 19. Rxa4 Ba6 20. Qd2 Bb5 21. Rxa5 Rxa5 22. Qxa5 Ra8 23. Qxc7 Qa3+ 24. Kc3 Qa1+ 25. Kb4 Bxf1 26. Rxf1 Qxf1 27. Qxd7 Qb5+ 28. Kc3 Qa5+ 29.
Kd3 Qb5+ 30. Ke3 Rf8 31. Qe7 Qb8 32. Qf6 1-0

[Event "Late-Titled-Tuesday-Blitz-January-30-2024"]
[Site "Chess.com"]
[Date "2024.01.30"]
[Round "10"]
[White "Eloist"]
[Black "Bryanl106"]
[Result "0-1"]
[WhiteElo "2428"]
[BlackElo "2539"]
[TimeControl "180+1"]
[EndTime "15:52:23 PST"]
[Termination "Bryanl106 won by checkmate"]

1. e4 e5 2. Bc4 Nc6 3. Nf3 Nf6 4. d3 Bc5 5. O-O h6 6. c3 d6 7. Nbd2 a5 8. Bb5 Bd7 9. Re1 O-O 10. Nf1 Nb8 11.
Bxd7 Nbxd7 12. d4 Bb6 13. Ng3 Re8 14. Be3 exd4 15. Bxd4 Bxd4 16. cxd4 Nf8 17. Rc1 c6 18. Qb3 Qd7 19. e5 Nd5 20. Ne4 dxe5 21. Nc5 Qc8 22.
Qxb7 Qxb7 23. Nxb7 e4 24. Ne5 Reb8 25. Nd6 Rxb2 26.
Rxc6 f6 27. Nec4 Rxa2 28. Rc5 Nf4 29. Rc7 Nd3 30. Rf1 Ne6 31. Re7 Nxd4 32. Ne8 Ne2+ 33. Kh1 Nxf2+ 34. Rxf2 Ra1+ 35. Rf1 Rxf1# 0-1

[Event "Late-Titled-Tuesday-Blitz-January-30-2024"]
[Site "Chess.com"]
[Date "2024.01.30"]
[Round "10"]
[White "jsdbv18"]
[Black "snowlord"]
[Result "0-1"]
[WhiteElo "2617"]
[BlackElo "2859"]
[TimeControl "180+1"]
[EndTime "15:52:26 PST"]
[Termination "snowlord won by resignation"]

1. d4 Nf6 2. Nf3 g6 3. c4 Bg7 4. Nc3 d5 5. e3 O-O 6. Bd2 c5 7.
dxc5 Be6 8. cxd5 Nxd5 9. Rc1 Nc6 10. Nxd5 Bxd5 11. Bc3 Bxa2 12. Bxg7 Qxd1+ 13. Rxd1 Kxg7 14. Bb5 Nb4 15. O-O a6 16. Be2 Rfd8 17. Rxd8 Rxd8 18. Rd1 Rxd1+ 19. Bxd1 Nd3 20. b3 Nxc5 21. Nd2 a5 22.
Kf1 b5 23. Ke2 a4 24. bxa4 bxa4 25. e4 a3 26. Ke3 Be6 0-1

[Event "Late-Titled-Tuesday-Blitz-January-30-2024"]
[Site "Chess.com"]
[Date "2024.01.30"]
[Round "10"]
[White "Gryffindorac8"]
[Black "PNEPaul"]
[Result "1-0"]
[WhiteElo "2368"]
[BlackElo "1876"]
[TimeControl "180+1"]
[EndTime "15:52:27 PST"]
[Termination "Gryffindorac8 won by checkmate"]

1. d4 Nf6 2. c4 c5 3. d5 Ne4 4. Nf3 Qa5+ 5. Nbd2 d6 6. g3 g6 7. Bg2 Bg7 8. O-O Nf6 9. e4 O-O 10. Qc2 Na6 11. a3 h6 12. Rb1 Qd8 13. Re1 e5 14. dxe6 Bxe6 15. e5 dxe5 16. Nxe5 Qc7 17. Nxg6 fxg6 18.
Rxe6 Rae8 19. Rxe8 Rxe8 20. Ne4 Nxe4 21. Bxe4 Qe7 22. Bxg6 Qe1+ 23. Kg2 Re2 24. Qf5 Bd4 25. Qf7+ Kh8 26. Qh7# 1-0